TOP OF THE 1ST |
Iowa State Cyclones batting - Pitching for Alabama Crimson Tide : RHP Mike Smith
|
Pitching: RHP Mike Smith
|
|
Batting: LHB Marty Gómez
|
0-0: Called Strike 0-1: Ball 1-1: Ball 2-1: Foul Ball, location: 2F 2-2: Foul Ball, location: 2F 2-2: Ball 3-2: Base on Balls
|
Batting: RHB Ollie Johnson
|
0-0: Ball 1-0: Swinging Strike 1-1: Ball 2-1: Foul Ball, location: 2F 2-2: SINGLE (Line Drive, 6MD) Marty Gómez to second
|
Batting: LHB Alberto Paz
|
0-0: Ball 1-0: Swinging Strike 1-1: Ball 2-1: Ball 3-1: Base on Balls Marty Gómez to third Ollie Johnson to second
|
Batting: RHB Danny Gilbert
|
0-0: Swinging Strike 0-1: Ball 1-1: Ball 2-1: Called Strike 2-2: Ball 3-2: Base on Balls Marty Gómez scores Ollie Johnson to third Alberto Paz to second
|
Batting: LHB Dale González
|
0-0: Called Strike 0-1: Fly out, F9 (Flyball, 9S) Runner from 3rd tags up, SCORES, throw made
|
Batting: SHB Octávio Longoria
|
0-0: Ball 1-0: Called Strike 1-1: Grounds into double play, 4-6-3 (Groundball, 4)
|
Top of the 1st over - 2 runs, 1 hit, 0 errors, 1 left on base; Iowa State 2 - Alabama 0 |
BOTTOM OF THE 1ST |
Alabama Crimson Tide batting - Pitching for Iowa State Cyclones : RHP Luis Pagán
|
Pitching: RHP Luis Pagán
|
|
Batting: LHB Tom York
|
0-0: Called Strike 0-1: Swinging Strike 0-2: Ball 1-2: Foul Ball, location: 2F 1-2: Ground out U3 (Groundball, 34S)
|
Batting: RHB Oscar Trent
|
0-0: Ball 1-0: Ball 2-0: Called Strike 2-1: Foul Ball, location: 2F 2-2: Foul Ball, location: 2F 2-2: SINGLE (Line Drive, 8RS)
|
Batting: LHB Tracy Becker
|
0-0: Ball 1-0: Ball 2-0: Ball 3-0: Foul Ball, location: 2F 3-1: Foul Ball, location: 2F 3-2: Foul Ball, location: 2F 3-2: Base on Balls Oscar Trent to second
|
Batting: RHB Rafael Vargo
|
0-0: Foul Ball, location: 2F 0-1: Ball 1-1: Swinging Strike 1-2: Foul Ball, location: 2F 1-2: Ball 2-2: Strikes out swinging
|
Batting: RHB Chris Bass
|
0-0: Called Strike 0-1: Ball 1-1: Ball 2-1: Swinging Strike 2-2: Ground out 4-3 (Groundball, 4)
|
Bottom of the 1st over - 0 runs, 1 hit, 0 errors, 2 left on base; Iowa State 2 - Alabama 0 |
TOP OF THE 2ND |
Iowa State Cyclones batting - Pitching for Alabama Crimson Tide : RHP Mike Smith
|
Batting: LHB Chris Samuels
|
0-0: Called Strike 0-1: Swinging Strike 0-2: Ball 1-2: Fly out, F7 (Flyball, 78S)
|
Batting: LHB Terry Ives
|
0-0: Ball 1-0: SINGLE (Groundball, 4MS) (infield hit)
|
Batting: RHB Jimmy Stokes
|
0-0: Called Strike 0-1: Foul Ball, location: 2F 0-2: Ball 1-2: Ball 2-2: SINGLE (Line Drive, 6D) Terry Ives to second
|
Batting: LHB Marty Gómez
|
0-0: Ball 1-0: Foul Ball, location: 2F 1-1: Ball 2-1: Foul Ball, location: 2F 2-2: Ball 3-2: Base on Balls Terry Ives to third Jimmy Stokes to second
|
Batting: RHB Ollie Johnson
|
0-0: Ball 1-0: Swinging Strike 1-1: Ball 2-1: SINGLE (Line Drive, 6MD) Terry Ives scores Jimmy Stokes to third Marty Gómez to second Runner from 3rd tries for Home, SAFE, no throw
|
Batting: LHB Alberto Paz
|
0-0: Called Strike 0-1: Fielders Choice at 2nd, 3-6 (Groundball, 34) Marty Gómez to third
|
Batting: RHB Danny Gilbert
|
0-0: Called Strike 0-1: Ball 1-1: Ball Alberto Paz steals 2nd base 2-1: Fly out, F4 (Popup, 4MD)
|
Top of the 2nd over - 2 runs, 3 hits, 0 errors, 2 left on base; Iowa State 4 - Alabama 0 |
BOTTOM OF THE 2ND |
Alabama Crimson Tide batting - Pitching for Iowa State Cyclones : RHP Luis Pagán
|
Batting: RHB John Martin
|
0-0: SINGLE (Groundball, 34D)
|
Batting: RHB Paco Molina
|
0-0: Ball 1-0: Called Strike 1-1: Ball 2-1: Ball 3-1: Base on Balls John Martin to second
|
Batting: SHB Wayne Coleman
|
0-0: Called Strike 0-1: Fly out, F7 (Flyball, 7LM)
|
Batting: RHB Len Valadez
|
0-0: Ball Wild Pitch! John Martin to third Paco Molina to second 1-0: Foul Ball, location: 2F 1-1: Ball 2-1: Called Strike 2-2: Ball 3-2: Base on Balls
|
Batting: LHB Tom York
|
0-0: Ball 1-0: Ball 2-0: Ball 3-0: Called Strike 3-1: Fielders Choice at 2nd, 4-6 (Groundball, 4) John Martin scores Paco Molina to third
|
Batting: RHB Oscar Trent
|
0-0: Foul Ball, location: 2F 0-1: Ball 1-1: Ball 2-1: Foul Ball, location: 2F 2-2: Fielders Choice at 2nd, 6-4 (Groundball, 6)
|
Bottom of the 2nd over - 1 run, 1 hit, 0 errors, 2 left on base; Iowa State 4 - Alabama 1 |
TOP OF THE 3RD |
Iowa State Cyclones batting - Pitching for Alabama Crimson Tide : RHP Mike Smith
|
Batting: LHB Dale González
|
0-0: Called Strike 0-1: Ball 1-1: Swinging Strike 1-2: Strikes out swinging
|
Batting: SHB Octávio Longoria
|
0-0: Ball 1-0: Called Strike 1-1: Foul Ball, location: 2F 1-2: Ball 2-2: Foul Ball, location: 2F 2-2: SINGLE (Line Drive, 56D)
|
Batting: LHB Chris Samuels
|
0-0: Ball Octávio Longoria is caught stealing 2nd base 1-0: Foul Ball, location: 2F 1-1: Ball 2-1: Foul Ball, location: 2F 2-2: Fly out, F8 (Flyball, 89D)
|
Top of the 3rd over - 0 runs, 1 hit, 0 errors, 0 left on base; Iowa State 4 - Alabama 1 |
BOTTOM OF THE 3RD |
Alabama Crimson Tide batting - Pitching for Iowa State Cyclones : RHP Luis Pagán
|
Batting: LHB Tracy Becker
|
0-0: Foul Ball, location: 2F 0-1: Foul Ball, location: 2F 0-2: Foul Ball, location: 2F 0-2: Strikes out swinging
|
Batting: RHB Rafael Vargo
|
0-0: Foul Ball, location: 2F 0-1: Ball 1-1: Ball 2-1: Ball 3-1: Foul Ball, location: 2F 3-2: Fly out, F7 (Flyball, 7)
|
Batting: RHB Chris Bass
|
0-0: Ball 1-0: Foul Ball, location: 2F 1-1: Ball 2-1: Ground out 6-3 (Groundball, 6D)
|
Bottom of the 3rd over - 0 runs, 0 hits, 0 errors, 0 left on base; Iowa State 4 - Alabama 1 |
TOP OF THE 4TH |
Iowa State Cyclones batting - Pitching for Alabama Crimson Tide : RHP Mike Smith
|
Batting: LHB Terry Ives
|
0-0: Swinging Strike 0-1: Ball 1-1: Foul Ball, location: 2F 1-2: Foul Ball, location: 2F 1-2: Reached on error, E5 (Groundball, 5)
|
Batting: RHB Jimmy Stokes
|
0-0: Ball 1-0: Ball 2-0: Swinging Strike 2-1: Called Strike 2-2: Strikes out swinging
|
Pitching: RHP Dave Edmonds
|
|
Batting: LHB Marty Gómez
|
0-0: Ground out 4-3 (Groundball, 4) Terry Ives to third
|
Batting: RHB Ollie Johnson
|
0-0: Called Strike 0-1: Ball 1-1: SINGLE (Flyball, 9S) Terry Ives scores
|
Batting: LHB Alberto Paz
|
0-0: Ball Ollie Johnson is caught stealing 2nd base
|
Top of the 4th over - 1 run, 1 hit, 1 error, 0 left on base; Iowa State 5 - Alabama 1 |
BOTTOM OF THE 4TH |
Alabama Crimson Tide batting - Pitching for Iowa State Cyclones : RHP Luis Pagán
|
Batting: RHB John Martin
|
0-0: Ball 1-0: Swinging Strike 1-1: Ball 2-1: Called Strike 2-2: Foul Ball, location: 2F 2-2: Foul Ball, location: 2F 2-2: Fly out, F9 (Flyball, 89M)
|
Batting: RHB Paco Molina
|
0-0: Ground out 1-3 (Groundball, P)
|
Batting: SHB Wayne Coleman
|
0-0: Ball 1-0: Swinging Strike 1-1: Swinging Strike 1-2: Strikes out swinging
|
Bottom of the 4th over - 0 runs, 0 hits, 0 errors, 0 left on base; Iowa State 5 - Alabama 1 |
TOP OF THE 5TH |
Iowa State Cyclones batting - Pitching for Alabama Crimson Tide : RHP Dave Edmonds
|
Batting: LHB Alberto Paz
|
0-0: Ball 1-0: Ball 2-0: Ball 3-0: Called Strike 3-1: Foul Ball, location: 2F 3-2: Ground out 6-3 (Groundball, 6)
|
Batting: RHB Danny Gilbert
|
0-0: Called Strike 0-1: Foul Ball, location: 2F 0-2: Foul Ball, location: 2F 0-2: Ground out 5-3 (Groundball, 56S)
|
Batting: LHB Dale González
|
0-0: Ball 1-0: Foul Ball, location: 2F 1-1: Fly out, F7 (Flyball, 78D)
|
Top of the 5th over - 0 runs, 0 hits, 0 errors, 0 left on base; Iowa State 5 - Alabama 1 |
BOTTOM OF THE 5TH |
Alabama Crimson Tide batting - Pitching for Iowa State Cyclones : RHP Luis Pagán
|
Batting: RHB Len Valadez
|
0-0: Ball 1-0: Ball 2-0: Ball 3-0: Foul Ball, location: 2F 3-1: Base on Balls
|
Pitching: LHP Bob Wallace
|
|
Batting: LHB Tom York
|
0-0: SINGLE (Line Drive, 9S) Len Valadez to second
|
Batting: RHB Oscar Trent
|
0-0: Fielders Choice at 2nd, 1-4 (Groundball, 15S) Len Valadez to third
|
Batting: LHB Tracy Becker
|
0-0: Ball 1-0: Foul Ball, location: 2F 1-1: Foul Ball, location: 2F 1-2: Ball 2-2: Strikes out swinging
|
Batting: RHB Rafael Vargo
|
0-0: Ball 1-0: Called Strike 1-1: Swinging Strike 1-2: Strikes out looking
|
Bottom of the 5th over - 0 runs, 1 hit, 0 errors, 2 left on base; Iowa State 5 - Alabama 1 |
TOP OF THE 6TH |
Iowa State Cyclones batting - Pitching for Alabama Crimson Tide : RHP Dave Edmonds
|
Batting: SHB Octávio Longoria
|
0-0: Ball 1-0: Fly out, F8 (Flyball, 89D)
|
Batting: LHB Chris Samuels
|
0-0: Foul Ball, location: 2F 0-1: Called Strike 0-2: Ball 1-2: Ball 2-2: Ball 3-2: Fly out, F6 (Line Drive, 6)
|
Batting: LHB Terry Ives
|
0-0: Called Strike 0-1: Ball 1-1: Ball 2-1: Swinging Strike 2-2: Strikes out swinging
|
Top of the 6th over - 0 runs, 0 hits, 0 errors, 0 left on base; Iowa State 5 - Alabama 1 |
BOTTOM OF THE 6TH |
Alabama Crimson Tide batting - Pitching for Iowa State Cyclones : LHP Bob Wallace
|
Batting: RHB Chris Bass
|
0-0: Ball 1-0: Foul Ball, location: 2F 1-1: Fly out, F6 (Line Drive, 6)
|
Batting: RHB John Martin
|
0-0: Swinging Strike 0-1: Swinging Strike 0-2: Ball 1-2: Ball 2-2: Strikes out swinging
|
Batting: RHB Paco Molina
|
0-0: Foul Ball, location: 2F 0-1: Foul Ball, location: 2F 0-2: Ball 1-2: Fly out, F9 (Flyball, 9LS)
|
Bottom of the 6th over - 0 runs, 0 hits, 0 errors, 0 left on base; Iowa State 5 - Alabama 1 |
TOP OF THE 7TH |
Iowa State Cyclones batting - Pitching for Alabama Crimson Tide : RHP Dave Edmonds
|
Batting: RHB Jimmy Stokes
|
0-0: Ball 1-0: Ball 2-0: Called Strike 2-1: Ball 3-1: Base on Balls
|
Batting: LHB Marty Gómez
|
0-0: Grounds into double play, 4-6-3 (Groundball, 4)
|
Batting: RHB Ollie Johnson
|
0-0: Fly out, F6 (Flyball, 6D)
|
Top of the 7th over - 0 runs, 0 hits, 0 errors, 0 left on base; Iowa State 5 - Alabama 1 |
BOTTOM OF THE 7TH |
Alabama Crimson Tide batting - Pitching for Iowa State Cyclones : LHP Bob Wallace
|
Batting: SHB Wayne Coleman
|
0-0: Called Strike 0-1: Ball 1-1: SINGLE (Line Drive, 7LS)
|
Batting: RHB Len Valadez
|
0-0: Foul Ball, location: 2F 0-1: Foul Ball, location: 2F 0-2: Ball 1-2: Ball 2-2: Strikes out swinging
|
Batting: LHB Tom York
|
0-0: Ground out 4-3 (Groundball, 4S) Wayne Coleman to second
|
Batting: RHB Oscar Trent
|
0-0: Called Strike 0-1: Swinging Strike 0-2: Foul Ball, location: 2F 0-2: Ball 1-2: SINGLE (Groundball, 6MD) Wayne Coleman to third
|
Batting: LHB Tracy Becker
|
0-0: Ball 1-0: Foul Ball, location: 2F 1-1: Called Strike 1-2: Ground out U3 (Groundball, 3)
|
Bottom of the 7th over - 0 runs, 2 hits, 0 errors, 2 left on base; Iowa State 5 - Alabama 1 |
TOP OF THE 8TH |
Iowa State Cyclones batting - Pitching for Alabama Crimson Tide : RHP Dave Edmonds
|
Batting: LHB Alberto Paz
|
0-0: Ball 1-0: Ball 2-0: Called Strike 2-1: Ball 3-1: Foul Ball, location: 2F 3-2: TRIPLE (Flyball, 8LXD)
|
Batting: RHB Danny Gilbert
|
0-0: Foul Ball, location: 2F 0-1: Ball 1-1: Foul Ball, location: 2F 1-2: Strikes out looking
|
Batting: LHB Dale González
|
0-0: Intentional Walk
|
Batting: SHB Octávio Longoria
|
0-0: Ball 1-0: Called Strike 1-1: Called Strike Dale González steals 2nd base 1-2: Strikes out looking
|
Batting: LHB Chris Samuels
|
0-0: Called Strike 0-1: Foul Ball, location: 2F 0-2: Foul Ball, location: 2F 0-2: Ball 1-2: Ball 2-2: Foul Ball, location: 2F 2-2: Ball 3-2: Ground out 1-3 (Groundball, P)
|
Top of the 8th over - 0 runs, 1 hit, 0 errors, 2 left on base; Iowa State 5 - Alabama 1 |
BOTTOM OF THE 8TH |
Alabama Crimson Tide batting - Pitching for Iowa State Cyclones : LHP Bob Wallace
|
Batting: RHB Rafael Vargo
|
0-0: Ball 1-0: Foul Ball, location: 2F 1-1: Ball 2-1: Ball 3-1: Ground out 6-3 (Groundball, 56)
|
Batting: RHB Chris Bass
|
0-0: Called Strike 0-1: Swinging Strike 0-2: Ball 1-2: Strikes out swinging
|
Batting: RHB John Martin
|
0-0: Swinging Strike 0-1: Ball 1-1: Ball 2-1: Ball 3-1: Base on Balls
|
Batting: RHB Paco Molina
|
0-0: Ball 1-0: Called Strike 1-1: Foul Ball, location: 2F 1-2: SINGLE (Groundball, 6MD) John Martin to second
|
Batting: SHB Wayne Coleman
|
0-0: Hit by Pitch John Martin to third Paco Molina to second
|
Batting: RHB Len Valadez
|
0-0: Fielders Choice at 2nd, 5-4 (Groundball, 56)
|
Bottom of the 8th over - 0 runs, 1 hit, 0 errors, 3 left on base; Iowa State 5 - Alabama 1 |
TOP OF THE 9TH |
Iowa State Cyclones batting - Pitching for Alabama Crimson Tide : RHP Dave Edmonds
|
Batting: LHB Terry Ives
|
0-0: Ball 1-0: Swinging Strike 1-1: Called Strike 1-2: Fly out, F7 (Flyball, 78M)
|
Batting: RHB Jimmy Stokes
|
0-0: Ball 1-0: Called Strike 1-1: Ground out 6-3 (Groundball, 6)
|
Pitching: LHP Richard Garrett
|
|
Batting: LHB Marty Gómez
|
0-0: Ball 1-0: SINGLE (Flyball, 89M)
|
Batting: RHB Ollie Johnson
|
0-0: Ball 1-0: Ball 2-0: Foul Ball, location: 2F 2-1: Ball 3-1: Swinging Strike 3-2: Strikes out swinging
|
Top of the 9th over - 0 runs, 1 hit, 0 errors, 1 left on base; Iowa State 5 - Alabama 1 |
BOTTOM OF THE 9TH |
Alabama Crimson Tide batting - Pitching for Iowa State Cyclones : LHP Bob Wallace
|
Batting: LHB Tom York
|
0-0: Ball 1-0: Called Strike 1-1: Foul Ball, location: 2F 1-2: Strikes out swinging
|
Batting: RHB Oscar Trent
|
0-0: Ball 1-0: Ball 2-0: Ball 3-0: Called Strike 3-1: Foul Ball, location: 2F 3-2: Base on Balls
|
Batting: LHB Tracy Becker
|
0-0: Ball 1-0: Called Strike 1-1: Fly out, F9 (Flyball, 9)
|
Batting: RHB Rafael Vargo
|
0-0: Ball 1-0: Foul Ball, location: 2F 1-1: Foul Ball, location: 2F 1-2: Strikes out swinging
|
Bottom of the 9th over - 0 runs, 0 hits, 0 errors, 1 left on base; Iowa State 5 - Alabama 1 |
|